 Dungeon Crawl Stone Soup version 0.25.0-26-g0c896c7088 (webtiles) character file.

Game seed: 8102939391524523723

27815 MisterFreud the Martial Artist (level 13, -7/93 HPs)
             Began as a Demonspawn Ice Elementalist on July 5, 2020.
             Was an Initiate of Gozag.
             Killed by the air
             ... invoked by Gastronok
              (22 damage)
             ... on level 3 of the Lair of Beasts.
             The game lasted 00:34:58 (18960 turns).

MisterFreud the Martial Artist (DsIE)              Turns: 18960, Time: 00:35:00

Health: -7/93      AC: 11    Str: 10    XL:     13   Next: 6%
Magic:  23/25      EV: 18    Int: 20    God:    Gozag
Gold:   3412       SH: 10    Dex: 14    Spells: 24/28 levels left

rFire    . . .     SeeInvis .     - Unarmed
rCold    + . .     Gourm    .   x - +0 buckler (curse)
rNeg     . . .     Faith    .   M - +0 robe {MR+}
rPois    .         Spirit   .   (helmet restricted)
rElec    .         Reflect  +   y - scarf {repulsion}
rCorr    .         Harm     .   n - +0 pair of gloves
MR       +....                  (no boots)
Stlth    ++........             K - amulet of reflection
HPRegen  0.25/turn              j - +4 ring of slaying
MPRegen  0.19/turn              t - +4 ring of protection

@: frozen ramparts, slowed, studying Ice Magic, repel missiles, very slow
A: antennae 2, slimy green scales 2, cold resistance 1, powered by pain 1,
freezing cloud immunity
a: Potion Petition, Call Merchant, Bribe Branch, Renounce Religion


You were on level 3 of the Lair of Beasts.
You worshipped Gozag.
Gozag was most pleased with you.
You were not hungry.

You visited 3 branches of the dungeon, and saw 17 of its levels.

You collected 3454 gold pieces.
You paid 42 gold pieces to Gozag.

Inventory:

Missiles
 W - a throwing net (quivered)
 Z - 7 boomerangs
Armour
 a - a +0 robe
 n - a +0 pair of gloves (worn)
 x - a cursed +0 buckler (worn)
 y - a scarf of repulsion (worn)
 M - a +0 robe of magic resistance (worn)
Jewellery
 j - a +4 ring of slaying (left hand)
 o - an uncursed ring of positive energy
 t - a +4 ring of protection (right hand)
 K - an amulet of reflection (around neck)
 P - a cursed -4 ring of dexterity {unknown}
 U - the ring "Vumuucue" {+Fly rF+ Int+5}
   (You found it on level 10 of the Dungeon)

   [ring of protection from fire]

   It affects your intelligence (+5).
   It protects you from fire.
   It lets you fly.
Wands
 z - a wand of iceblast (26)
 B - a wand of polymorph (15)
 F - a wand of paralysis (26)
 I - a wand of random effects (54)
 N - a wand of clouds (4)
 O - a wand of acid (14)
 T - a wand of digging (10)
Scrolls
 b - 7 scrolls of teleportation
 h - 2 scrolls of fear
 i - 2 scrolls of identify
 l - 4 scrolls of remove curse
 p - 4 scrolls of amnesia
 s - a scroll of noise {unknown}
 A - a scroll of fog {unknown}
 D - 2 scrolls of immolation {unknown}
 G - 2 scrolls of enchant armour {unknown}
 H - 2 scrolls of acquirement {unknown}
 J - a scroll of vulnerability {unknown}
 R - 4 scrolls of magic mapping
 S - 2 scrolls of silence {unknown}
 X - a scroll of holy word {unknown}
Potions
 d - 2 potions of mutation
 e - 3 potions of might
 f - a potion of flight
 g - 2 potions of haste
 k - 2 potions of invisibility
 q - a potion of magic
 r - 2 potions of ambrosia
 u - a potion of cancellation
 v - 2 potions of berserk rage
 w - 5 potions of curing
 C - 5 potions of brilliance
 E - 3 potions of degeneration
 L - 3 potions of lignification
 Q - a potion of stabbing {unknown}
 Y - 4 potions of heal wounds
Books
 m - a manual of Ice Magic
Comestibles
 c - 14 rations


   Skills:
 - Level 6.0 Fighting
 + Level 8.0 Armour
 - Level 10.0 Dodging
 - Level 1.7 Stealth
 - Level 4.0 Shields
 - Level 12.0 Unarmed Combat
 - Level 8.0 Spellcasting
 - Level 5.0 Ice Magic


You had 24 spell levels left.
You knew the following spells:

 Your Spells              Type           Power        Failure   Level  Hunger
a - Freeze                Ice            ####         1%          1    None
b - Frozen Ramparts       Ice            ####..       3%          3    None

Your spell library contained the following spells:

 Spells                   Type           Power        Failure   Level  Hunger
 Animate Skeleton         Necr           N/A          9%          1    None
 Apportation              Tloc           #.....       9%          1    None
 Corona                   Hex            #......      9%          1    None
 Summon Small Mammal      Summ           #...         9%          1    None
 Ozocubu's Armour         Chrm/Ice       ###.....     9%          3    None
 Ignite Poison            Fire/Tmut/Pois #.......     26%         3    None
 Hailstorm                Conj/Ice       ###.....     30%         4    ###....
 Summon Ice Beast         Ice/Summ       ###.....     30%         4    ###....
 Fireball                 Conj/Fire      #.........   93%         5    #####..
 Starburst                Conj/Fire      #.........   100%        6    ######.
 Ring of Flames           Chrm/Fire      #.........   100%        7    #######
 Ignition                 Fire           #.........   100%        8    #######


Dungeon Overview and Level Annotations

Branches:
Dungeon (13/15)            Temple (1/1) D:5            Lair (3/6) D:10
  Swamp (0/4) Lair:3        Snake (0/4) Lair:3          Orc (0/2) D:11
 Vaults: D:13-14

Altars:
Ashenzari
Cheibriados
Dithmenos
Elyvilon
Fedhas
Gozag
Hepliaklqana
Kikubaaqudgha
Makhleb
Nemelex Xobeh
Okawaru
Qazlal
Ru
Uskayaw
Xom
The Shining One
Beogh

Shops:
D:4 (   D:8 }   D:9 (

Annotations:
D:3 1 runed translucent door, Crazy Yiuf
D:5 3 runed translucent doors, Gatuga's ghost, novice MiFi
D:6 Dowan
D:10 1 runed translucent door
D:12 3 runed translucent doors, MisterFreud's ghost, journeyman DsIE
Lair:1 3 runed translucent doors, Tommers's ghost, novice DsNe
Lair:3 Gastronok


Innate Abilities, Weirdness & Mutations

You have a pair of antennae on your head.
You are mostly covered in slimy green scales. (AC +3)
Your flesh is cold resistant. (rC+)
You sometimes gain a little power by taking damage.
You are immune to freezing clouds.


Message History

You hit Gastronok but do no damage.
Gastronok is severely wounded.
Gastronok mumbles some strange words.
Gastronok puts on a burst of speed!
Casting: Frozen Ramparts (mildly dangerous; 3% risk of failure)
Confirm with . or Enter, or press ? or * to list all spells.
The walls around you are covered in ice.
You punch Gastronok!
Gastronok is almost dead.
The wall freezes Gastronok!
Gastronok bites you!
* * * LOW HITPOINT WARNING * * *
You hit Gastronok.
Gastronok is almost dead.
You hit Gastronok but do no damage.
Gastronok is almost dead.
The wall freezes Gastronok.
Gastronok waves his eye-stalks in wide circles.
The air twists around and strikes you!!
You die...
Your body crumbles into a pile of gold.

..........####.........
................♣......
#..................?...
#...F...........♣..P...
#........ ##...♣......#
#...)...# ##.........#
##.# #.........# #w.#
#....P.P..# #@.#
###.......# #..##
####♣♣..P...
##..###.#.#....P.P
#..........♣...... #
##.............P..
..P##..........♣...P.
...........S...♣#....
.#..#P...+#...####♣♣.
...............# ♣


You could see Gastronok (swift) and an adder (wandering).

Vanquished Creatures
  Harold (D:10)
  5 hydras
  A centaur warrior (D:13)
  A queen ant (Lair:2)
  Nergalle (D:11)
  2 unseen horrors
  A deep elf mage (D:12)
  A manticore (D:12)
  Maurice (D:9)
  2 black mambas (Lair:3)
  A centaur zombie (D:11)
  A gargoyle (D:11)
  2 centaur skeletons
  A spiny frog (Lair:1)
  A rime drake (Lair:1)
  4 komodo dragons
  A merfolk (D:11)
  3 trolls
  6 hippogriffs
  A bog body (Lair:3)
  3 slime creatures (D:13)
  5 blink frogs (Lair:1)
  Sigmund (D:3)
  7 wraiths
  3 yaks (Lair:3)
  A wyvern (Lair:2)
  A yak (shapeshifter) (D:13)
  A basilisk (Lair:3)
  A hungry ghost (D:11)
  3 soldier ants (Lair:2)
  11 water moccasins
  Edmund (D:4)
  6 porcupines
  4 orc warriors
  A phantom (D:9)
  5 sky beasts
  2 black bears
  2 eyes of draining
  6 ice beasts
  4 ogres
  2 wolves (Lair:1)
  5 centaurs
  8 crocodiles
  Blork the orc (D:5)
  5 big kobolds
  11 bullfrogs
  3 scorpions
  A wyvern skeleton (D:13)
  A water moccasin skeleton (D:8)
  10 killer bees
  15 wights
  5 howler monkeys
  8 crimson imps
  3 bullfrog zombies
  2 quasits
  2 jellies
  6 bullfrog skeletons
  8 orc priests
  4 hounds
  11 orc wizards
  Ijyb (D:5)
  6 iguanas
  24 worker ants
  A hound zombie (D:8)
  A howler monkey zombie (D:9)
  A worker ant zombie (D:11)
  Robin (D:4)
  3 gnolls (D:5)
  A howler monkey skeleton (D:7)
  8 adders
  4 shadow imps
  An ooze (D:3)
  4 adder skeletons
  4 worms
  4 dart slugs
  5 leopard geckos
  54 orcs
  5 giant cockroaches
  17 goblins
  6 hobgoblins
  10 jackals
  11 quokkas
  4 ball pythons
  11 bats
  10 frilled lizards
  27 kobolds
  12 rats
452 creatures vanquished.

Vanquished Creatures (others)
  A bush (Lair:3)
  3 fungi (Lair:3)
  A plant (Lair:3)
5 creatures vanquished.

Grand Total: 457 creatures vanquished

Notes
Turn   | Place    | Note
-------+----------+-------------------------------------------
     0 | D:1      | MisterFreud the Demonspawn Ice Elementalist began the quest
                  | for the Orb.
     0 | D:1      | Reached XP level 1. HP: 13/13 MP: 3/3
   105 | D:1      | Reached skill level 1 in Fighting
   161 | D:1      | Gained mutation: You have a pair of small antennae on your
                  | head. [demonic ancestry]
   161 | D:1      | Reached XP level 2. HP: 17/22 MP: 0/5
   894 | D:2      | Reached XP level 3. HP: 20/28 MP: 6/6
  1066 | D:2      | Learned a level 3 spell: Frozen Ramparts
  2097 | D:3      | Reached XP level 4. HP: 27/35 MP: 3/7
  2328 | D:3      | Noticed Sigmund
  2357 | D:3      | Killed Sigmund
  2357 | D:3      | Gained mutation: You have a pair of antennae on your head.
                  | [demonic ancestry]
  2357 | D:3      | Reached XP level 5. HP: 10/41 MP: 0/10
  2357 | D:3      | Gained mutation: Your flesh is cold resistant. (rC+)
                  | [demonic ancestry]
  2357 | D:3      | Reached XP level 6. HP: 12/47 MP: 0/11
  2762 | D:3      | Found a runed translucent door.
  2763 | D:3      | Noticed Crazy Yiuf
  3055 | D:4      | Reached skill level 5 in Ice Magic
  3173 | D:4      | Found Tone Qumno's Antique Weapon Boutique.
  3498 | D:4      | Noticed Robin
  3501 | D:4      | Reached skill level 5 in Spellcasting
  3522 | D:4      | Killed Robin
  3665 | D:4      | Gained mutation: You are partially covered in slimy green
                  | scales. (AC +2) [demonic ancestry]
  3665 | D:4      | Reached XP level 7. HP: 39/52 MP: 14/14
  4024 | D:4      | Noticed Edmund
  4046 | D:4      | Killed Edmund
  4377 | D:5      | Entered Level 5 of the Dungeon
  4662 | D:5      | Reached skill level 5 in Dodging
  4745 | D:5      | Found a staircase to the Ecumenical Temple.
  4841 | D:5      | Noticed Gatuga's ghost (novice MiFi)
  4872 | Temple   | Entered the Ecumenical Temple
  4971 | Temple   | Became a worshipper of Gozag Ym Sagoz the Greedy
  5035 | D:5      | Found a runed translucent gate.
  5035 | D:5      | Found a runed translucent gate.
  5035 | D:5      | Found a runed translucent gate.
  5116 | D:5      | Noticed Blork the orc
  5119 | D:5      | Found an iron altar of Okawaru.
  5132 | D:5      | Killed Blork the orc
  5132 | D:5      | Gained mutation: You are mostly covered in slimy green
                  | scales. (AC +3) [demonic ancestry]
  5132 | D:5      | Reached XP level 8. HP: 39/58 MP: 9/15
  5258 | D:5      | Found an iron altar of Okawaru.
  5300 | D:5      | Reached skill level 1 in Shields
  5617 | D:5      | Noticed Ijyb
  5624 | D:5      | Killed Ijyb
  6226 | D:6      | Noticed Dowan
  6498 | D:7      | Gained mutation: You are immune to freezing clouds.
                  | [demonic ancestry]
  6498 | D:7      | Reached XP level 9. HP: 60/63 MP: 13/19
  6699 | D:7      | Found a shimmering altar of Xom.
  7331 | D:7      | Reached skill level 1 in Unarmed Combat
  7483 | D:8      | Reached skill level 2 in Unarmed Combat
  7591 | D:8      | Reached skill level 3 in Unarmed Combat
  7620 | D:8      | Reached skill level 4 in Unarmed Combat
  7763 | D:8      | Reached skill level 5 in Unarmed Combat
  8050 | D:8      | Reached skill level 6 in Unarmed Combat
  8386 | D:8      | Found Purar's Gadget Boutique.
  8543 | D:9      | Reached XP level 10. HP: 70/70 MP: 1/22
  8672 | D:9      | Noticed Maurice
  8697 | D:9      | Killed Maurice
  8697 | D:9      | Reached skill level 7 in Unarmed Combat
  9053 | D:9      | Found Konoruj's Antique Weapon Shop.
  9176 | D:9      | Found a hazy altar of Hepliaklqana.
  9195 | D:9      | Found a snail-covered altar of Cheibriados.
  9195 | D:9      | Found a sacrificial altar of Ru.
  9203 | D:9      | Found a burning altar of Makhleb.
  9205 | D:9      | Found a blossoming altar of Fedhas.
  9206 | D:9      | Found a glowing golden altar of the Shining One.
  9630 | D:10     | Entered Level 10 of the Dungeon
  9640 | D:10     | Reached skill level 8 in Unarmed Combat
  9901 | D:10     | Found a runed translucent door.
  9901 | D:10     | Noticed a sixfirhy
 10000 | D:10     | Killed an unseen horror
 10238 | D:10     | Found a staircase to the Lair.
 10320 | D:10     | Got a wavering platinum ring
 10321 | D:10     | Identified the ring "Vumuucue" {+Fly rF+ Int+5} (You found
                  | it on level 10 of the Dungeon)
 10349 | D:10     | Noticed Harold
 10371 | D:10     | Killed Harold
 10371 | D:10     | Reached skill level 5 in Fighting
 10371 | D:10     | Reached skill level 9 in Unarmed Combat
 10782 | D:11     | Noticed Nergalle
 10800 | D:11     | Killed Nergalle
 10803 | D:11     | Reached XP level 11. HP: 43/81 MP: 17/23
 10842 | D:11     | HP: 3/81 [something (3)]
 10843 | D:11     | HP: 1/81 [something (2)]
 11199 | D:11     | Killed an unseen horror
 11199 | D:11     | Reached skill level 10 in Unarmed Combat
 11725 | D:11     | Noticed a five-headed hydra
 11748 | D:11     | Killed a five-headed hydra
 11976 | D:11     | Reached skill level 11 in Unarmed Combat
 12167 | D:11     | Found a staircase to the Orcish Mines.
 12171 | D:11     | Found a roughly hewn altar of Beogh.
 12609 | D:12     | Noticed an eight-headed hydra
 12640 | D:12     | Killed an eight-headed hydra
 12770 | D:12     | Noticed a deep elf mage
 12781 | D:12     | Killed a deep elf mage
 12833 | D:12     | Reached skill level 12 in Unarmed Combat
 13138 | D:12     | Found a runed translucent gate.
 13138 | D:12     | Found a runed translucent gate.
 13139 | D:12     | Found a runed translucent gate.
 13141 | D:12     | Found an opulent altar of Gozag.
 13141 | D:12     | Noticed a deep elf mage
 13142 | D:12     | Noticed a centaur warrior
 13142 | D:12     | Noticed a phantasmal warrior
 13143 | D:12     | Noticed MisterFreud's ghost (journeyman DsIE)
 13143 | D:12     | Noticed a four-headed hydra
 13161 | D:12     | You fall into a shaft and drop 1 floor!
 13496 | D:13     | Noticed a six-headed hydra
 13514 | D:13     | Killed a six-headed hydra
 13790 | D:13     | Reached XP level 12. HP: 61/88 MP: 24/24
 13977 | D:13     | Noticed a centaur warrior
 14000 | D:13     | Killed a centaur warrior
 14837 | D:13     | Found the +5 scythe "Finisher" {speed, eviscerate}
 15054 | Lair:1   | Entered Level 1 of the Lair of Beasts
 15064 | Lair:1   | Found a runed translucent gate.
 15065 | Lair:1   | Found a runed translucent gate.
 15066 | Lair:1   | Found a runed translucent gate.
 15086 | Lair:1   | Noticed Tommers's ghost (novice DsNe)
 15095 | Lair:1   | Noticed a death yak
 15180 | Lair:1   | Reached skill level 10 in Dodging
 15188 | Lair:1   | Reached skill level 1 in Armour
 16586 | Lair:2   | Noticed a five-headed hydra
 16610 | Lair:2   | Killed a five-headed hydra
 16752 | Lair:2   | Reached skill level 5 in Armour
 16966 | Lair:2   | Noticed a five-headed hydra
 17019 | Lair:2   | Killed a five-headed hydra
 17524 | Lair:2   | Noticed a queen ant
 17547 | Lair:2   | Killed a queen ant
 17964 | Lair:3   | Found a staircase to the Swamp.
 18065 | Lair:3   | Noticed a five-headed hydra
 18291 | Lair:3   | Found a staircase to the Snake Pit.
 18319 | Lair:3   | Gained mutation: You sometimes gain a little power by
                  | taking damage. [demonic ancestry]
 18319 | Lair:3   | Reached XP level 13. HP: 57/93 MP: 22/25
 18928 | Lair:3   | Noticed Gastronok
 18960 | Lair:3   | Killed from afar by Gastronok

Illustrated notes

Levels and vault maps discovered:
D:1:      zaba_arrival_water, layout_basic
D:2:      layout_rooms
D:3:      layout_basic, first_ration, minmay_vboxes, uniq_sigmund,
          uniq_crazy_yiuf_cottage
D:4:      layout_gridville, serial_shops, shop, uniq_robin, uniq_edmund
D:5:      layout_loops_ring, okawaru_metal_pillars_3,
          minmay_temple_entry_arrows, gammafunk_ghost_split, basic_altar,
          grunt_decor_fettered, minmay_manual_mares, uniq_ijyb,
          uniq_blork_the_orc
D:6:      layout_gridville, serial_shops, nicolae_shop_behind_doors, shop,
          nicolae_shop_overgrown_old_shop, kennysheep_mini,
          nicolae_shop_crystal, uniq_duvessa, uniq_maggie
D:7:      layout_basic, xom_teletrap_fun
D:8:      layout_loops_ring, serial_shops, kennysheep_mini_moat
D:9:      layout_basic, grunt_temple_overflow_open, serial_shops, shop,
          basic_altar, uniq_maurice
D:10:     cheibrodos_shockbox, layout_small_grid, lair_entry_dummy, uniq_harold
D:11:     layout_rooms, minmay_orc_entry_temple_small, hangedman_fish_farm,
          kennysheep_generic_room_4, uniq_nergalle
D:12:     layout_basic, ebering_ghost_gozag
D:13:     layout_loops_corners, minmay_misc_feat_tiny,
          minmay_guarded_unrand_finisher
Temple:   regret_index_temple_sphere_string
Lair:1:   layout_cellular_growth, gammafunk_ghost_split, beast_lair_carwin_3
Lair:2:   layout_gridlike, minmay_hedge_maze, st_stairs_9,
          minmay_another_anthill
Lair:3:   layout_chaotic_city, skrybe_swamp_entry_bodies,
          minmay_snake_entry_six_corridors, grunt_forest_large_clearing_hut,
          infiniplex_staircase_pool, uniq_gastronok

Skill      XL: |  1  2  3  4  5  6  7  8  9 10 11 12 13 |
---------------+----------------------------------------+-----
Fighting       | 1 2 3 6 |  6.0
Ice Magic      | 4 5 |  5.0
Spellcasting   | 3 5 6 8 |  8.0
Dodging        | 2 5 6 7 10 | 10.0
Shields        | 4 |  4.0
Unarmed Combat | 6 9 12 | 12.0
Armour         | 7 8 |  8.0
Stealth        | |  1.7

Action                   |  1- 3 |  4- 6 |  7- 9 | 10-12 | 13-15 || total
-------------------------+-------+-------+-------+-------+-------++-------
Melee: Dagger            |    91 |    69 |   330 |    33 |       ||   523
       Unarmed           |       |       |       |   696 |    44 ||   740
 Cast: Freeze            |    12 |       |       |       |       ||    12
       Frozen Ramparts   |     2 |    10 |    37 |    92 |     4 ||   145
Evoke: Wand              |       |       |       |     8 |       ||     8
  Use: Potion            |     2 |       |     1 |       |       ||     3
       Scroll            |     3 |     2 |     2 |    10 |     1 ||    18
 Stab: Sleeping          |     4 |     3 |     4 |     9 |       ||    20
       Distracted        |       |       |     1 |       |       ||     1
  Eat: Chunk             |     4 |     6 |     4 |       |       ||    14
       Ration            |       |       |     4 |     9 |     1 ||    14
Armor: Robe              |    26 |    16 |   118 |   112 |     3 ||   275
Dodge: Dodged            |    72 |    46 |   202 |   319 |    10 ||   649
       Repelled          |       |       |       |    11 |       ||    11
Block: Buckler           |       |       |    79 |   267 |    11 ||   357
       Reflection        |       |       |       |    13 |       ||    13
